 Dungeon Crawl Stone Soup version 0.32-a0-660-g97ce250973 (webtiles) character file.

Game seed: 12480960978371210655

1781 GeoRichter the Grappler (level 9, 0/69 HPs)
             Began as a Merfolk Shapeshifter on Mar 9, 2024.
             Was a Priest of Qazlal.
             Slain by a gnoll
             ... wielding a +0 halberd
             ... led by a gnoll sergeant
              (10 damage)
             ... on level 7 of the Dungeon.
             The game lasted 00:09:01 (6438 turns).

GeoRichter the Grappler (Merfolk Shapeshifter)      Turns: 6438, Time: 00:09:01

Health: 0/69       AC:  4    Str: 28    XL:     9   Next: 8%
Magic:  11/11      EV: 12    Int:  9    God:    Qazlal [***...]
Gold:   241        SH:  8    Dex: 15    Spells: 8/8 levels left

rFire   . .          .
                       - Unarmed
rCold   . . .        h - +0 buckler
rNeg    . . .        q - +2 robe of the Inviting Gods {rPois Slay+2}
rPois   +            (helmet currently unavailable)
rElec   .            (cloak currently unavailable)
rCorr   +            (gloves currently unavailable)
SInv    +            (boots currently unavailable)
Will    .....        (no amulet)
Stlth   +            a - +6 ring of strength
HPRegen 0.31/turn    o - ring "Atsyill" {*Slow rCorr Str+5 SInv}
MPRegen 0.12/turn

%: slow self (1%)
@: beast-form
A: beast (slay +3), (nimble swimmer 2), mertail
a: Begin Untransformation, Renounce Religion, Upheaval, Elemental Force


You were on level 7 of the Dungeon.
You worshipped Qazlal.
Qazlal was most pleased with you.
You were a hulking beast.
You visited 1 branch of the dungeon, and saw 7 of its levels.

You collected 241 gold pieces.

Inventory:

Armour
 h - a +0 buckler (worn)
   (You found it on level 1 of the Dungeon)
 q - the +2 robe of the Inviting Gods (worn) {rPois Slay+2}
   (You found it on level 3 of the Dungeon)

   Slay+2:    It affects your accuracy & damage with ranged weapons and melee
   (+2).
   rPois:     It protects you from poison.
 r - a +0 pair of boots
   (You found it on level 3 of the Dungeon)
Jewellery
 a - a +6 ring of strength (left hand)
   (You found it on level 6 of the Dungeon)
 o - the ring "Atsyill" (right hand) {*Slow rCorr Str+5 SInv}
   (You acquired it on level 6 of the Dungeon)

   [ring of see invisible]

   Str+5:     It affects your strength (+5).
   SInv:      It lets you see invisible.
   rCorr:     It protects you from acid and corrosion.
   *Slow:     It may slow you when you take damage.
Talismans
 c - a beast talisman (active)
 d - a flux talisman
Wands
 t - a wand of iceblast (8)
   (You found it on level 5 of the Dungeon)
Scrolls
 f - a scroll of vulnerability {!r}
 g - a scroll of summoning {unknown}
 j - a scroll of blinking
 k - a scroll of amnesia
 l - 2 scrolls of fear
 p - 4 scrolls of teleportation {@r4}
 v - 3 scrolls of torment {!r}
 x - a scroll of identify {@r1}
Potions
 b - a potion of lignification {!q}
 e - 4 potions of attraction {!q}
 i - 2 potions of heal wounds {@q2}
 m - 2 potions of curing {@q1}
 n - 4 potions of brilliance
 s - a potion of haste {unknown}
 u - a potion of mutation {unknown}
 w - a potion of degeneration {unknown}
 z - a potion of invisibility {unknown}


   Skills:
 + Level 6.0 Fighting
 - Level 2.6 Dodging
 * Level 9.9 Unarmed Combat
 + Level 3.8 Invocations
 + Level 6.0 Shapeshifting


You had 8 spell levels left.
You didn't know any spells.
Your spell library contained the following spells:

 Spells                   Type           Power      Damage    Failure   Level
 Blink                    Tloc           0%         N/A       58%         2
 Lesser Beckoning         Tloc           0%         N/A       58%         2
 Momentum Strike          Conj/Tloc      0%         3d8       58%         2


Dungeon Overview and Level Annotations

Branches:
Dungeon (7/15) Zot: 26455  Temple (0/1) D:6

Altars:
Qazlal
Vehumet

Shops:
D:7 *

Annotations:
D:4 1 runed translucent door, Crazy Yiuf


Innate Abilities, Weirdness & Mutations

You are a hulking beast.
Your limbs bulge with bestial killing power. (Slay +3)
((You are very nimble when in or above water. (Stealth+, EV+, Speed+++)))
Your lower body shifts to a powerful aquatic tail in water.


Message History

You kill the orc!
Qazlal accepts your kill.
No target in view!
No target in view!
No target in view!
No target in view!
You hear a shout!
A gnoll sergeant comes into view. It is wielding a +0 spear of venom.
A gnoll sergeant is nearby!
A gnoll sergeant is nearby!
Things that are here:
a +0 short sword; a +0 war axe; an orc corpse A gnoll comes into view.
It is wielding a +0 halberd.
The gnoll shouts!
A gnoll comes into view. It is wielding a +0 whip.
The gnoll shouts!
The gnoll sergeant hits you from afar with a +0 spear of venom!
You hear a shout!
The gnoll sergeant attacks as it pursues you!
The gnoll sergeant hits you from afar with a +0 spear of venom!
You are poisoned.
You feel very sick.
The gnoll sergeant hits you from afar with a +0 spear of venom!
* * * LOW HITPOINT WARNING * * *
Things that are here:
a +0 short sword; a +0 war axe; an orc corpse
Okay, then.
A gnoll comes into view. It is wielding a +0 spear.
You feel sick.
The gnoll sergeant hits you with a +0 spear of venom.
* * * LOW HITPOINT WARNING * * *
You are lethally poisoned!
You hit the gnoll sergeant.
The gnoll sergeant is lightly wounded.
* * * LOW HITPOINT WARNING * * *
You feel very sick. You block the gnoll's attack.
You feel better.
The gnoll sergeant hits you with a +0 spear of venom!
* * * LOW HITPOINT WARNING * * *
The gnoll closely misses you.
You completely miss the gnoll sergeant.
The gnoll sergeant is lightly wounded.
The gnoll sergeant barely misses you. You block the gnoll's attack.
You closely miss the gnoll sergeant.
The gnoll sergeant is lightly wounded.
The gnoll sergeant hits you with a +0 spear of venom!
* * * LOW HITPOINT WARNING * * *
The gnoll hits you from afar with a +0 halberd!
You die...

#.###.###..
#..........#
#....#####
####.# ########
#.#
.......#######.#
#)........#
#)######### #h#
#g#
#.....ggg....#
#.#####.####...
#.# #.# #.# #.#
..#


You could see a gnoll sergeant and 3 gnolls.

Vanquished Creatures
  3 yaks (D:7)
  A steam dragon (D:7)
  A water moccasin (D:6)
  2 sky beasts
  An ice beast (D:6)
  A black bear (D:6)
  A phantom (D:4)
  A scorpion (D:5)
  2 orc priests
  4 hounds
  A jelly (D:7)
  A bombardier beetle (D:4)
  2 sleepcaps
  2 orc wizards
  4 gnolls (D:2)
  3 river rats (D:6)
  9 adders
  2 white imps (D:6)
  2 ribbon worms
  4 dart slugs
  17 orcs
  4 endoplasms
  5 giant cockroaches
  7 goblins
  8 hobgoblins
  2 jackals
  5 quokkas
  4 ball pythons
  7 bats
  4 frilled lizards
  6 kobolds
  5 rats
121 creatures vanquished.

Notes
Turn   | Place    | Note
-------+----------+-------------------------------------------
     0 | D:1      | GeoRichter the Merfolk Shapeshifter began the quest for the
                  | Orb.
     0 | D:1      | Reached XP level 1. HP: 15/15 MP: 1/1
   237 | D:1      | Reached XP level 2. HP: 22/22 MP: 2/2
   455 | D:1      | Reached XP level 3. HP: 24/29 MP: 3/3
   792 | D:2      | Found a faded altar of an unknown god.
   797 | D:2      | Prayed at the altar of an unknown god.
   797 | D:2      | Became a worshipper of Qazlal Stormbringer
   797 | D:2      | Reached * piety under Qazlal
  1104 | D:2      | Reached XP level 4. HP: 28/37 MP: 4/4
  1721 | D:2      | Reached ** piety under Qazlal
  1800 | D:2      | Reached skill level 4 in Unarmed Combat
  1912 | D:2      | Reached XP level 5. HP: 41/42 MP: 5/5
  2204 | D:3      | Identified the +2 robe of the Inviting Gods {rPois Slay+2}
  2479 | D:3      | Reached skill level 5 in Unarmed Combat
  2753 | D:4      | Found a runed translucent door.
  2754 | D:4      | Noticed Crazy Yiuf
  2794 | D:4      | Reached XP level 6. HP: 44/48 MP: 6/6
  3114 | D:4      | Reached skill level 6 in Unarmed Combat
  3778 | D:5      | Entered Level 5 of the Dungeon
  3799 | D:5      | Reached skill level 7 in Unarmed Combat
  4055 | D:5      | Reached XP level 7. HP: 44/54 MP: 7/7
  4662 | D:5      | Reached skill level 8 in Unarmed Combat
  4880 | D:6      | Reached skill level 1 in Invocations
  4915 | D:6      | Found a radiant altar of Vehumet.
  5140 | D:6      | Reached XP level 8. HP: 49/61 MP: 7/9
  5205 | D:6      | Reached *** piety under Qazlal
  5300 | D:6      | Reached skill level 5 in Fighting
  5477 | D:6      | Found a staircase to the Ecumenical Temple.
  5881 | D:6      | Identified a scroll of acquirement
  5881 | D:6      | Acquired the ring "Atsyill" {*Slow rCorr Str+5 SInv}
  5940 | D:7      | Noticed a yak
  5941 | D:7      | Noticed a yak
  5951 | D:7      | Killed a yak
  5951 | D:7      | Noticed a yak
  5952 | D:7      | Reached skill level 9 in Unarmed Combat
  5952 | D:7      | Reached skill level 5 in Shapeshifting
  5957 | D:7      | Killed a yak
  5965 | D:7      | Killed a yak
  6190 | D:7      | Reached XP level 9. HP: 21/69 MP: 11/11
  6369 | D:7      | Found Nimuhuyl's Mail-Order Catalogue.
  6438 | D:7      | Slain by a gnoll

Illustrated notes

Levels and vault maps discovered:
D:1:      dpeg_arrival_brainrot, layout_rooms, serial_bayou,
          serial_bayou_pond_d, serial_bayou_crossing, serial_bayou_lagoon_b,
          serial_bayou_pond_e
D:2:      minmay_general_purpose_star, layout_loops_cross,
          nicolae_ecumenical_pavilion
D:3:      layout_rooms, hangedman_decor_opposing
D:4:      layout_loops_corners, uniq_crazy_yiuf_cottage
D:5:      layout_loops_ring
D:6:      wad_woods_stonehenge, layout_rooms, minmay_temple_entry_nine_rooms,
          serial_co_window_serial, co_window_paths_a, co_window_paths_a,
          co_window_of_opportunity_a, co_window_corner_a, co_window_paths_a,
          co_window_paths_a, co_window_paths_a, co_window_paths_b,
          co_window_paths_a, co_window_broadway_a, co_window_of_opportunity_b,
          co_window_2corner, co_window_of_opportunity_c, glass_columns_c,
          serial_bayou_ford_a
D:7:      layout_loops_ring, kennysheep_cross_bottleneck, st_stairs_3,
          monkooky_shop_mail_order

Skill      XL: |  1  2  3  4  5  6  7  8  9 |
---------------+----------------------------+-----
Fighting       | 2 3 4 5 6 |  6.0
Unarmed Combat | 4 5 7 8 9 |  9.9
Invocations    | 1 3 |  3.8
Shapeshifting  | 5 6 |  6.0
Dodging        | |  2.6

Action                     |  1- 3 |  4- 6 |  7- 9 || total
---------------------------+-------+-------+-------++-------
  Melee: Unarmed           |   124 |   157 |   128 ||   409
         Tailslap          |     2 |       |       ||     2
         Punch             |     1 |       |       ||     1
    Use: Scroll            |       |       |    13 ||    13
         Potion            |       |       |     1 ||     1
   Stab: Sleeping          |     2 |       |       ||     2
 Armour: Animal skin       |    66 |    41 |       ||   107
         Robe              |       |    30 |    56 ||    86
  Dodge: Dodged            |    80 |    67 |    36 ||   183
  Block: Other             |     3 |     7 |       ||    10
         Buckler           |       |    23 |    35 ||    58

Table legend: (Time is in decaauts)
 A = Elapsed time spent in this place.
 B = Non-inter-level travel time spent in this place.
 C = Inter-level travel time spent in this place.
 D = Time resting spent in this place.
 E = Time spent auto-exploring this place.
 F = Levels seen in this place.
 G = Mean time per level.
                   A        B        C        D        E       F      G
               +--------+--------+--------+--------+--------+-----+--------+
         Total |   6363 |   6130 |    233 |    597 |   4543 |   7 |  909.0 |
       Dungeon |   6363 |   6130 |    233 |    597 |   4543 |   7 |  909.0 |
               +--------+--------+--------+--------+--------+-----+--------+

Top non-repeatable levels by time:
     D:2: 1306 daAuts
     D:6: 1151 daAuts
     D:4: 1051 daAuts
     D:5: 935 daAuts
     D:1: 758 daAuts
     D:3: 616 daAuts
     D:7: 543 daAuts
